 Dungeon Crawl Stone Soup version 0.22-a0-803-gd6d8abeff0 (webtiles) character file.

1331 Mirvelgyr the Cleaver (level 8, -2/71 HPs)
             Began as a Minotaur Berserker on July 22, 2018.
             Was a Priest of Trog.
             Slain by an unseen horror (3 damage)
             ... on level 5 of the Dungeon.
             The game lasted 00:05:35 (3976 turns).

Mirvelgyr the Cleaver (Minotaur Berserker)          Turns: 3976, Time: 00:05:36

Health: -2/71      AC: 10    Str: 22    XL:     8   Next: 34%
Magic:  7/7        EV: 10    Int:  4    God:    Trog [***...]
Gold:   61         SH:  0    Dex: 12    Spells: 7/7 levels left

rFire    . . .     SeeInvis .   z - +0 war axe
rCold    . . .     Gourm    .   (no shield)
rNeg     . . .     Faith    .   y - +0 chain mail
rPois    .         Spirit   .   (helmet restricted)
rElec    .         Reflect  .   (no cloak)
rCorr    .         Harm     .   (no gloves)
MR       .....                  (no boots)
Stlth    ..........             (no amulet)
HPRegen  0.21/turn              (no ring)
MPRegen  0.10/turn              (no ring)

@: berserk cooldown, slowed, very slow
A: retaliatory headbutt, horns 2
a: Berserk, Trog's Hand, Renounce Religion


You were on level 5 of the Dungeon.
You worshipped Trog.
Trog was most pleased with you.
You were near starving.

You visited 1 branch of the dungeon, and saw 5 of its levels.

You collected 211 gold pieces.
You spent 150 gold pieces at shops.

Inventory:

Hand Weapons
 z - a +0 war axe (weapon)
Armour
 y - a +0 chain mail (worn)
Wands
 x - a wand of acid (10)
Scrolls
 a - a scroll of silence {unknown}
 d - 2 scrolls of fear {unknown}
 g - 5 scrolls of enchant weapon {unknown}
 h - 2 scrolls of amnesia
 j - a scroll of fog {unknown}
 k - 5 scrolls of remove curse
 p - 4 scrolls of blinking {unknown}
 r - a scroll of enchant armour {unknown}
 v - 4 scrolls of teleportation {unknown}
 w - a scroll of noise {unknown}
Potions
 b - a potion of mutation {unknown}
 f - a potion of curing {unknown}
 l - 2 potions of lignification {unknown}
 m - a potion of resistance {unknown}
 n - 3 potions of heal wounds
 o - 3 potions of haste
 s - a potion of brilliance {unknown}
 t - 2 potions of magic
 u - a potion of might {unknown}
Comestibles
 c - 11 rations
 i - 3 chunks of flesh


   Skills:
 + Level 6.5 Fighting
 * Level 8.6 Axes
 + Level 6.0 Armour
 + Level 5.3 Dodging


You had 7 spell levels left.
You didn't know any spells.
Your spell library was empty.

Dungeon Overview and Level Annotations

Branches:
Dungeon (5/15)             Temple (0/1) D:4

Altars:
Trog
Wu Jian

Shops:
D:4 :}*


Innate Abilities, Weirdness & Mutations

You reflexively headbutt those who attack you in melee.
You have a pair of horns on your head.


Message History

You feel the effects of Trog's Hand fading.
Something hits you but does no damage. x2
You closely miss something. You headbutt something.
Something hits you but does no damage. x3
Something hits you. x2
* * * LOW HITPOINT WARNING * * *
Something hits you.
* * * LOW HITPOINT WARNING * * *
Something hits you.
* * * LOW HITPOINT WARNING * * *
Your skin stops crawling.
You feel less resistant to hostile enchantments.
Something hits you.
* * * LOW HITPOINT WARNING * * *
Something hits you but does no damage. Something hits you.
* * * LOW HITPOINT WARNING * * *
You closely miss something. Your headbutt misses something. Something hits you.
* * * LOW HITPOINT WARNING * * *
Something hits you.
You die...

#.#....# #####.#....# .#
#.....#....# ..#
#.#####....# ..# #.#
###### ###### #.# #.#
#§§§#....# #.#
#.##########§§§#....###.#
#......#...##§##....'...#
######.#@###§§§§....##...
#.#.##§§§§§.........
#.#.#.§§§§§##+#.#.##
#.#.#.##§####.#...##
#.#....§§..##...####
#.###...§#.####.# #
#.########.# #.# #
#..........# #.# #
############ #.####


There were no monsters in sight!

Vanquished Creatures
  The ghost of Mandevil the Ruffian, a novice TrAr of Uskayaw (D:5)
  An ice beast (D:5)
  2 ogres
  A wyvern zombie (D:2)
  A scorpion (D:4)
  2 orc priests
  4 hounds
  An iguana (D:4)
  A worker ant (D:5)
  6 orc wizards
  A hound zombie (D:5)
  A hound skeleton (D:2)
  2 adders
  4 gnolls (D:3)
  An adder skeleton (D:4)
  5 worms
  4 dart slugs
  4 leopard geckos
  19 orcs
  5 giant cockroaches
  11 goblins
  8 hobgoblins
  4 jackals (D:3)
  2 quokkas
  A ball python (D:5)
  8 bats
  9 frilled lizards
  7 kobolds
  8 rats
124 creatures vanquished.

Notes
Turn   | Place    | Note
-------+----------+-------------------------------------------
     0 | D:1      | Mirvelgyr the Minotaur Berserker began the quest for the Orb.
     0 | D:1      | Reached XP level 1. HP: 19/19 MP: 0/0
   283 | D:1      | Reached XP level 2. HP: 21/27 MP: 1/1
   311 | D:1      | Reached skill level 4 in Axes
   901 | D:2      | Reached XP level 3. HP: 19/33 MP: 2/2
  1138 | D:2      | Reached ** piety under Trog
  1267 | D:2      | Reached XP level 4. HP: 22/40 MP: 3/3
  1465 | D:2      | Found a bloodstained altar of Trog.
  1475 | D:2      | Reached skill level 5 in Axes
  1766 | D:3      | Reached XP level 5. HP: 27/47 MP: 4/4
  2165 | D:3      | Reached XP level 6. HP: 54/55 MP: 5/5
  2456 | D:3      | Found an ornate altar of the Wu Jian Council.
  2524 | D:3      | Reached skill level 6 in Axes
  2634 | D:3      | Reached *** piety under Trog
  2634 | D:3      | Reached skill level 5 in Fighting
  2991 | D:4      | Reached XP level 7. HP: 44/61 MP: 6/6
  3026 | D:4      | Reached skill level 7 in Axes
  3138 | D:4      | Found a staircase to the Ecumenical Temple.
  3190 | D:4      | Reached skill level 5 in Armour
  3284 | D:4      | Found Uklaerunuk's Book Boutique.
  3286 | D:4      | Found Hagat's Assorted Antiques.
  3289 | D:4      | Found Jauv's Gadget Boutique.
  3296 | D:4      | Bought a scroll labeled TAMUEN AFRIE for 25 gold pieces
  3296 | D:4      | Bought a potion of heal wounds for 125 gold pieces
  3530 | D:5      | Entered Level 5 of the Dungeon
  3859 | D:5      | Found a runed door.
  3860 | D:5      | Noticed Mandevil's ghost (novice TrAr)
  3958 | D:5      | Killed Mandevil's ghost
  3958 | D:5      | Reached skill level 8 in Axes
  3958 | D:5      | Reached skill level 5 in Dodging
  3958 | D:5      | Reached XP level 8. HP: 69/71 MP: 7/7
  3976 | D:5      | HP: 1/71 [something (5)]
  3976 | D:5      | Slain by an unseen horror

Vault maps used:
D:1:      minmay_arrival_stair_chambers, supply_closet_lemuel,
          palyth_stone_intersect
D:2:      lemuel_statue_altar
D:3:      nicolae_overflow_hidden_temple, minmay_divided_ellipse
D:4:      minmay_temple_entry_fiery, serial_shops, shop, shop, shop,
          first_ration, minmay_misc_feat_iff
D:5:      ebering_ghost_inner_flame

Skill      XL: |  1  2  3  4  5  6  7 |
---------------+----------------------+-----
Axes           | 4 5 6 8 |  8.6
Fighting       | 4 5 6 |  6.5
Armour         | 3 4 6 |  6.0
Dodging        | 3 4 5 |  5.3

Action                   |  1- 3 |  4- 6 |  7- 9 || total
-------------------------+-------+-------+-------++-------
Melee: Hand axe          |    79 |   124 |    18 ||   221
       Headbutt          |    10 |    25 |    17 ||    52
       War axe           |       |       |    60 ||    60
Invok: Berserk           |       |     3 |     2 ||     5
       Trog's Hand       |       |       |     1 ||     1
  Use: Scroll            |       |       |     6 ||     6
 Stab: Sleeping          |       |     1 |       ||     1
  Eat: Chunk             |     1 |     9 |     3 ||    13
Armor: Animal skin       |    15 |     1 |       ||    16
       Leather armour    |       |    13 |     2 ||    15
       Chain mail        |       |       |    42 ||    42
Dodge: Dodged            |    44 |    87 |    36 ||   167

Table legend:
 A = Spawn XP
 B = Non-spawn XP
 C = Spawn XP percentage of total XP
 D = Spawn monster count
 E = Non-spawn monster count
 F = Spawn count percentage of total count
 G = Total turns spent on level
                    A         B        C        D         E        F      G
               +---------+---------+-------+---------+---------+-------+---------
         Total |       0 |    1902 |   0.0 |       0 |     124 |   0.0 |  3976
               +---------+---------+-------+---------+---------+-------+---------
           D:1 |       0 |      35 |   0.0 |       0 |      19 |   0.0 |   851
           D:2 |       0 |     158 |   0.0 |       0 |      25 |   0.0 |  1187
           D:3 |       0 |     369 |   0.0 |       0 |      51 |   0.0 |   844
           D:4 |       0 |     586 |   0.0 |       0 |      21 |   0.0 |   648
           D:5 |       0 |     754 |   0.0 |       0 |       8 |   0.0 |   446
               +---------+---------+-------+---------+---------+-------+---------
